 Dungeon Crawl Stone Soup version 0.28-a0-1143-gcf6077d4cc (webtiles) character file.

Game seed: 7576648963295037748

17 gimp the Magician (level 2, -2/23 HPs)
             Began as a Djinni Wanderer on Dec 14, 2021.
             Slain by a gnoll (7 damage)
             ... on level 1 of the Dungeon.
             The game lasted 00:02:05 (896 turns).

gimp the Magician (Djinni Wanderer)                  Turns: 896, Time: 00:02:06

Health: -2/23      AC:  2    Str: 11    XL:     2   Next: 80%
Gold:   55         EV: 12    Int: 12    God:
                   SH:  0    Dex: 13

rFire   + + .      SeeInvis .   b - +0 hand crossbow
rCold   x . .      Faith    .   (no shield)
rNeg    . . .      Spirit   .   d - +0 robe
rPois   ∞          Reflect  .   (no helmet)
rElec   .          Harm     .   (no cloak)
rCorr   .          Rampage  .   (no gloves)
Will    .....                   (boots unavailable)
Stlth   +.........              (no amulet)
HPRegen 0.07/turn               (no ring)
MPRegen 0.00/turn               (no ring)

@: flying
A: sickness immunity, fire resistance 2, cold vulnerability 1, float, innate
caster, hp casting, extra vitality 1
a: no special abilities


You were on level 1 of the Dungeon.
You visited 1 branch of the dungeon, and saw 1 of its levels.

You collected 55 gold pieces.

Inventory:

Hand Weapons
 a - a +0 dagger
 b - a +0 hand crossbow (weapon)
Missiles
 g - 17 bolts (quivered ammo)
Armour
 d - a +0 robe (worn)
Scrolls
 c - a scroll of teleportation
 f - a scroll of immolation {unknown}
Potions
 e - a potion of might {unknown}
 h - a potion of mutation {unknown}


   Skills:
 * Level 2.1 Fighting
 - Level 1.0 Crossbows
 - Level 1.0 Armour
 + Level 1.2 Dodging
 - Level 1.0 Shields
 - Level 4.1 Spellcasting
 - Level 1.0 Evocations


You couldn't memorise any spells.
You knew the following spells:

 Your Spells              Type           Power      Damage    Failure   Level
a - Magic Dart            Conj           48%        1d5       4%          1
b - Blink                 Tloc           24%        N/A       6%          2
c - Call Imp              Summ           12%        N/A       6%          2
d - Slow                  Hex            48%        N/A       4%          1
e - Conjure Flame         Conj/Fire      12%        6-21      12%         3
f - Mephitic Cloud        Conj/Pois/Air  12%        N/A       12%         3

Your spell library contained the following spells:

 Spells                   Type           Power      Damage    Failure   Level


Dungeon Overview and Level Annotations

Branches:
Dungeon (1/15)

Altars:


Innate Abilities, Weirdness & Mutations

You are immune to sickness and miasma.
You are immune to poison.
Your flesh is very heat resistant. (rF++)
You are vulnerable to cold. (rC-)
You float through the air rather than walking.
You learn spells naturally, not from books.
Your magical power is your life essence.
You have superior vitality. (+4 HP)


Message History

A frilled lizard, an endoplasm and a gnoll come into view.
The endoplasm quivers.
b - a +0 hand crossbow (weapon)
The gnoll shouts!
The frilled lizard hisses angrily.
You shoot a bolt. The bolt hits the frilled lizard.
The frilled lizard is heavily wounded.
The frilled lizard misses you.
You shoot a bolt. The bolt hits the frilled lizard.
You kill the frilled lizard!
You shoot a bolt. The bolt barely misses the gnoll.
The bolt hits the endoplasm but does no damage.
The gnoll hits you with a +0 flail!
You take 10 damage, and have 13/23 hp.
MASSIVE DAMAGE!!
You shoot a bolt.
The bolt hits the gnoll but does no damage.
The gnoll barely misses you. The gnoll hits you with a +0 flail.
You take 4 damage, and have 9/23 hp.
You are too injured to fight recklessly!
Fire: 18 bolts
Press: ? - help, Q - select action, (/) - cycle Shift-Dir - straight line, f/p - gnoll
Aim: a gnoll, wielding a +0 flail (65% to hit)
You shoot a bolt. The bolt hits the gnoll.
The gnoll is lightly wounded.
The gnoll hits you with a +0 flail.
* * * LOW HITPOINT WARNING * * *
You take 6 damage, and have 3/23 hp.
MASSIVE DAMAGE!!
You see here a rat corpse.
There is a stone staircase leading down here.
You see here a rat skeleton.
The gnoll misses you.
Cast which spell? (? or * to list)
Okay, then.
Cast which spell? (? or * to list)
Okay, then.
The gnoll closely misses you.
Cast which spell? (? or * to list)
A beastly little devil appears in a puff of frigid air.
* * * LOW HITPOINT WARNING * * *
The gnoll hits you with a +0 flail!
You die...

#...##.####.####.#
######.#.........#
#.#.....##### #.......#
.######## ##.#.#.##
...........# #...#.#
...........# ##..#.#
...........#####..#.#
#####
..............Jg@.#.#
#...#
...........######.#.###
#...#
............J....5....#
#...#
...............###....#
#...# ...............#
#....# #÷..#
...............# ##>..#
#...# ###.#####......#
#...###...##### #.
#......# #.(...÷........
#.
#......####.#####...#####


You could see a gnoll (ally target), an endoplasm and a friendly white imp
(summoned).

Vanquished Creatures
  A dart slug (D:1)
  2 endoplasms (D:1)
  A giant cockroach (D:1)
  A goblin (D:1)
  2 hobgoblins (D:1)
  A kobold (D:1)
  2 ball pythons (D:1)
  A frilled lizard (D:1)
  3 rats (D:1)
14 creatures vanquished.

Notes
Turn   | Place    | Note
-------+----------+-------------------------------------------
     0 | D:1      | gimp the Djinni Wanderer began the quest for the Orb.
     0 | D:1      | Reached XP level 1. HP: 17/17 MP: 0/0
    59 | D:1      | Reached XP level 2. HP: 22/22 MP: 0/0
   157 | D:1      | Reached skill level 1 in Dodging
   896 | D:1      | Slain by a gnoll

Illustrated notes

Levels and vault maps discovered:
D:1:      lemuel_arrival_rhombus, layout_basic

Skill      XL: |  1  2 |
---------------+-------+-----
Dodging        | 1 |  1.2
Fighting       | 2 |  2.1
Crossbows      | |  1.0
Armour         | |  1.0
Shields        | |  1.0
Spellcasting   | |  4.1
Evocations     | |  1.0

Action                   || total
-------------------------++-------
Melee: Dagger            ||    23
 Fire: Hand crossbow     ||    18
 Cast: Call Imp          ||     1
 Stab: Sleeping          ||     1
Armor: Robe              ||     4
Dodge: Dodged            ||    17

Table legend: (Time is in decaauts)
 A = Elapsed time spent in this place.
 B = Non-inter-level travel time spent in this place.
 C = Inter-level travel time spent in this place.
 D = Time resting spent in this place.
 E = Time spent auto-exploring this place.
 F = Levels seen in this place.
 G = Mean time per level.
                   A        B        C        D        E       F      G
               +--------+--------+--------+--------+--------+-----+--------+
         Total |    901 |    901 |      0 |      0 |    721 |   1 |  901.0 |
       Dungeon |    901 |    901 |      0 |      0 |    721 |   1 |  901.0 |
               +--------+--------+--------+--------+--------+-----+--------+

Top non-repeatable levels by time:
     D:1: 901 daAuts
